 Dungeon Crawl Stone Soup version 0.30.0 (webtiles) character file.

Game seed: 10353450776251586400

5371 AFUTANJOYER the Blocker (level 10, 0/82 HPs)
             Began as a Gnoll Fighter on May 10, 2023.
             Was a Believer of Okawaru.
             Slain by a tentacled starspawn (1 damage)
             ... on level 2 of the Abyss.
             The game lasted 00:18:25 (8148 turns).

AFUTANJOYER the Blocker (Gnoll Fighter)             Turns: 8148, Time: 00:18:25

Health: 0/82       AC: 14    Str: 26    XL:     10   Next: 66%
Magic:  18/18      EV: 11    Int:  7    God:    Okawaru [**....]
Gold:   550        SH:  6    Dex: 12    Spells: 20/20 levels left

rFire   . . .        K - +1 war axe (venom)
rCold   x x .        c - +0 buckler
rNeg    . . .        k - +0 chain mail
rPois   .            U - +1 helmet
rElec   .            R - +0 cloak
rCorr   .            l - +2 pair of gloves
SInv    .            (no boots)
Will    .....        L - amulet of the acrobat Stlth
                     H - +4 ring of slaying
HPRegen 0.00/turn    u - +6 ring of strength
MPRegen 0.16/turn

%: acrobat
@: inhibited regen, unable to read
A: fangs 1, strong nose, distributed training, [deformed body], [inhibited
regeneration], ([teleportitis 2]), [cold vulnerability 2], [inability to read
after injury 2]
a: Renounce Religion, Heroism


You were on level 2 of the Abyss.
You worshipped Okawaru.
Okawaru was pleased with you.
You visited 2 branches of the dungeon, and saw 10 of its levels.
You visited the Abyss 1 time.

You collected 550 gold pieces.

Inventory:

Hand Weapons
 E - a +2 heavy flail
 K - a +1 war axe of venom (weapon)
 T - a +4 great sword
Missiles
 N - a throwing net (quivered)
Armour
 c - a +0 buckler (worn)
 k - a +0 chain mail (worn)
 l - a +2 pair of gloves (worn)
 R - a +0 cloak (worn)
 U - a +1 helmet (worn)
Jewellery
 h - a ring of wizardry
 u - a +6 ring of strength (right hand)
 y - a ring of magical power
 B - a ring of flight
 H - a +4 ring of slaying (left hand)
 L - an amulet of the acrobat (around neck)
 S - a ring of protection from fire
Wands
 D - a wand of flame (40)
 M - a wand of roots (16)
Scrolls
 f - a scroll of torment {unknown}
 g - 2 scrolls of fear
 i - 5 scrolls of noise
 n - 3 scrolls of fog
 p - 4 scrolls of magic mapping
 s - a scroll of silence {unknown}
 t - a scroll of enchant armour {unknown}
 v - a scroll of poison {unknown}
 w - 6 scrolls of amnesia
 x - a scroll of blinking {unknown}
 C - 3 scrolls of teleportation
 F - a scroll of vulnerability {unknown}
 O - a scroll of acquirement {unknown}
Potions
 a - a potion of magic {unknown}
 d - 3 potions of might
 e - 2 potions of brilliance
 j - a potion of curing
 m - 3 potions of haste
 o - 2 potions of ambrosia {unknown}
 q - a potion of degeneration {unknown}
 r - 2 potions of cancellation {unknown}
 z - 5 potions of mutation
 A - a potion of invisibility {unknown}
 G - a potion of flight {unknown}
 I - a potion of attraction {unknown}
 J - 2 potions of lignification
 P - a potion of berserk rage {unknown}
 Q - a potion of heal wounds {unknown}


   Skills:
 + Level 8.8 Fighting
 + Level 5.7 Short Blades
 + Level 5.7 Long Blades
 + Level 7.4 Axes
 + Level 5.7 Maces & Flails
 + Level 5.7 Polearms
 + Level 5.7 Staves
 + Level 5.7 Ranged Weapons
 + Level 5.7 Throwing
 + Level 8.8 Armour
 + Level 5.7 Dodging
 + Level 5.7 Stealth
 + Level 8.8 Shields
 + Level 5.7 Unarmed Combat
 + Level 5.7 Spellcasting
 + Level 4.7 Conjurations
 + Level 4.7 Hexes
 + Level 4.7 Summonings
 + Level 4.7 Necromancy
 + Level 4.7 Translocations
 + Level 4.7 Transmutations
 + Level 4.7 Fire Magic
 + Level 4.7 Ice Magic
 + Level 4.7 Air Magic
 + Level 4.7 Earth Magic
 + Level 4.7 Poison Magic
 + Level 6.2 Invocations
 + Level 5.7 Evocations


You had 20 spell levels left.
You didn't know any spells.
Your spell library contained the following spells:

 Spells                   Type           Power      Damage    Failure   Level
 Kiss of Death            Conj/Necr      32%        2d7       19%         1
 Cigotuvi's Dreadful Rot  Necr/Pois/Air  16%        N/A       26%         2
 Confusing Touch          Hex            8%         N/A       47%         3
 Hailstorm                Conj/Ice       8%         3d4       47%         3
 Ignite Poison            Fire/Tmut/Pois 8%         N/A       47%         3
 Dispel Undead            Necr           8%         3d8       87%         4
 Ice Form                 Ice/Tmut       8%         N/A       87%         4
 Freezing Cloud           Conj/Ice/Air   4%         6-21      99%         5
 Simulacrum               Ice/Necr       Unusable   N/A       N/A         6

Dungeon Overview and Level Annotations

Branches:
Dungeon (9/15)             Temple (1/1) D:7
   Lair: D:8-11         Orc: D:9-12

Altars:
Ashenzari
Cheibriados
Elyvilon
Fedhas
Gozag
Hepliaklqana
Kikubaaqudgha
Makhleb
Okawaru
Qazlal
Ru
Sif Muna
Trog
Uskayaw
Vehumet
Wu Jian
Xom
Yredelemnul
Zin

Shops:
D:3 =   D:5 [

Annotations:
D:9 Erolcha


Innate Abilities, Weirdness & Mutations

You have very sharp teeth.
Your uncanny sense of smell can sniff out nearby items.
Your experience applies equally to all skills.
[Armour fits poorly on your strangely shaped body.]
[You do not regenerate when monsters are visible.]
[((You are often teleported next to monsters.))]
[You are very vulnerable to cold. (rC--)]
[You sometimes lose the ability to read scrolls when taking damage.]


Message History

The starspawn tentacle grabs you. The starspawn tentacle constricts you.
* * * LOW HITPOINT WARNING * * *
Unknown command.
Unknown command.
Unknown command.
Cleave: K) +1 war axe (venom)
Press: ? - help, Dir - move target, f/p - tentacled starspawn
Aim: a tentacled starspawn (lightly damaged, about 17% to evade your +1 war axe of venom)
You barely miss the tentacled starspawn.
The starspawn tentacle loses its grip on you.
The tentacled starspawn is lightly damaged.
You hit the starspawn tentacle.
The tentacled starspawn closely misses you.
The tentacled starspawn tentacle-slaps you.
* * * LOW HITPOINT WARNING * * *
You block the starspawn tentacle's attack.
Unknown command.
Unknown command.
Cleave: K) +1 war axe (venom)
Press: ? - help, Dir - move target, f/p - tentacled starspawn
Aim: a tentacled starspawn (lightly damaged, about 17% to evade your +1 war axe of venom)
You hit the tentacled starspawn.
The tentacled starspawn is lightly damaged.
You slash the starspawn tentacle! The tentacled starspawn misses you.
The tentacled starspawn tentacle-slaps you but does no damage.
The starspawn tentacle grabs you. The starspawn tentacle constricts you.
* * * LOW HITPOINT WARNING * * *
Unknown command.
Unknown command.
Unknown command.
Cleave: K) +1 war axe (venom)
Press: ? - help, Dir - move target, f/p - tentacled starspawn
Aim: a tentacled starspawn (moderately damaged, about 17% to evade your +1 war axe of venom)
You hit the tentacled starspawn but do no damage.
The starspawn tentacle loses its grip on you.
The tentacled starspawn is moderately damaged.
You slash the starspawn tentacle!
You destroy the starspawn tentacle!
The tentacled starspawn bites you.
You die...

#####
#..@#
##X##
.w#
..##
#.# .


You could see a tentacled starspawn and a starspawn tentacle (distracted).

Vanquished Creatures
  A hellwing (Abyss:2)
  8 yaks
  A wraith (D:8)
  A wyvern (D:9)
  Edmund (D:5)
  A steam dragon (D:8)
  A water moccasin (D:7)
  2 orc warriors
  3 ice beasts
  6 sky beasts
  2 black bears
  2 ogres
  4 centaurs
  A phantom (D:6)
  A bullfrog (D:4)
  A kobold brigand (D:8)
  4 scorpions
  4 wights (D:8)
  3 killer bees (D:8)
  2 howler monkeys (D:5)
  A crimson imp (D:6)
  7 hounds
  A jelly (D:7)
  2 orc priests (D:5)
  2 sleepcaps
  Terence (D:3)
  3 iguanas
  4 orc wizards
  4 gnolls (D:6)
  11 adders
  2 shadow imps
  3 white imps
  An ufetubus (D:5)
  A worm (D:2)
  3 dart slugs
  19 orcs
  6 endoplasms
  6 giant cockroaches
  A goblin (D:2)
  6 hobgoblins
  3 jackals (D:3)
  6 quokkas
  8 ball pythons
  3 frilled lizards (D:3)
  12 kobolds
  6 rats
  A starspawn tentacle (Abyss:2)
172 creatures vanquished.

Vanquished Creatures (others)
  An orc wizard (D:5)
  4 starspawn tentacles (Abyss:2)
5 creatures vanquished.

Grand Total: 177 creatures vanquished

Notes
Turn   | Place    | Note
-------+----------+-------------------------------------------
     0 | D:1      | AFUTANJOYER the Gnoll Fighter began the quest for the Orb.
     0 | D:1      | Reached XP level 1. HP: 23/23 MP: 1/1
   251 | D:1      | Reached XP level 2. HP: 25/29 MP: 2/2
   338 | D:1      | Found a faded altar of an unknown god.
   739 | D:2      | Reached XP level 3. HP: 35/35 MP: 3/3
   822 | D:2      | Reached skill level 1 in Invocations
   882 | D:2      | Reached skill level 1 in Short Blades
   882 | D:2      | Reached skill level 1 in Long Blades
   882 | D:2      | Reached skill level 1 in Maces & Flails
   882 | D:2      | Reached skill level 1 in Polearms
   882 | D:2      | Reached skill level 1 in Staves
   882 | D:2      | Reached skill level 1 in Ranged Weapons
   882 | D:2      | Reached skill level 1 in Throwing
   882 | D:2      | Reached skill level 1 in Dodging
   882 | D:2      | Reached skill level 1 in Stealth
   882 | D:2      | Reached skill level 1 in Unarmed Combat
   882 | D:2      | Reached skill level 1 in Spellcasting
   882 | D:2      | Reached skill level 1 in Evocations
  1115 | D:2      | Reached XP level 4. HP: 39/41 MP: 5/5
  1498 | D:3      | Found a hazy altar of Hepliaklqana.
  1501 | D:3      | Reached skill level 1 in Conjurations
  1501 | D:3      | Reached skill level 1 in Hexes
  1501 | D:3      | Reached skill level 1 in Summonings
  1501 | D:3      | Reached skill level 1 in Necromancy
  1501 | D:3      | Reached skill level 1 in Translocations
  1501 | D:3      | Reached skill level 1 in Transmutations
  1501 | D:3      | Reached skill level 1 in Fire Magic
  1501 | D:3      | Reached skill level 1 in Ice Magic
  1501 | D:3      | Reached skill level 1 in Air Magic
  1501 | D:3      | Reached skill level 1 in Earth Magic
  1501 | D:3      | Reached skill level 1 in Poison Magic
  1648 | D:3      | Noticed Terence
  1658 | D:3      | Killed Terence
  1659 | D:3      | Reached XP level 5. HP: 47/47 MP: 5/7
  1757 | D:3      | Found Ylesakh's Jewellery Shop.
  1893 | D:3      | Found a shimmering blue altar of Sif Muna.
  2001 | D:3      | Found a burning altar of Makhleb.
  2029 | D:4      | Found a stormy altar of Qazlal.
  2251 | D:4      | Noticed a black bear
  2260 | D:4      | Killed a black bear
  2261 | D:4      | Reached XP level 6. HP: 53/53 MP: 8/8
  2395 | D:4      | Reached skill level 5 in Axes
  2857 | D:5      | Entered Level 5 of the Dungeon
  2900 | D:5      | Noticed Edmund
  2920 | D:5      | Killed Edmund
  2921 | D:5      | Reached XP level 7. HP: 28/60 MP: 10/10
  3208 | D:4      | Reached XP level 8. HP: 52/67 MP: 12/12
  3713 | D:5      | Found Veephed's Antique Armour Shoppe.
  4700 | D:5      | HP: 2/67 [poisoned by an orc warrior]
  5155 | D:6      | Reached XP level 9. HP: 63/73 MP: 14/14
  5381 | D:6      | Identified the +0 ring mail "Kaus Gib" {rElec Str+5}
  5587 | D:6      | Reached skill level 5 in Invocations
  6108 | D:7      | Found a staircase to the Ecumenical Temple.
  6288 | D:7      | Reached skill level 5 in Short Blades
  6288 | D:7      | Reached skill level 5 in Long Blades
  6288 | D:7      | Reached skill level 5 in Maces & Flails
  6288 | D:7      | Reached skill level 5 in Polearms
  6288 | D:7      | Reached skill level 5 in Staves
  6288 | D:7      | Reached skill level 5 in Ranged Weapons
  6288 | D:7      | Reached skill level 5 in Throwing
  6288 | D:7      | Reached skill level 5 in Dodging
  6288 | D:7      | Reached skill level 5 in Stealth
  6288 | D:7      | Reached skill level 5 in Unarmed Combat
  6288 | D:7      | Reached skill level 5 in Spellcasting
  6288 | D:7      | Reached skill level 5 in Evocations
  6288 | D:7      | Reached XP level 10. HP: 62/81 MP: 17/17
  6390 | Temple   | Entered the Ecumenical Temple
  6409 | Temple   | Became a worshipper of Warmaster Okawaru
  7150 | D:8      | Reached * piety under Okawaru
  7739 | D:8      | Found a white marble altar of Elyvilon.
  7846 | D:9      | Noticed Erolcha
  7847 | Abyss:2  | Cast into level 2 of the Abyss (Erolcha)
  7872 | Abyss:2  | Reached ** piety under Okawaru
  7931 | Abyss:2  | Noticed a large abomination
  7934 | Abyss:2  | Noticed a tentacled starspawn
  7937 | Abyss:2  | Noticed a caustic shrike zombie
  7937 | Abyss:2  | Noticed a red ugly thing
  8086 | Abyss:2  | Noticed a large abomination
  8099 | Abyss:2  | Noticed a wretched star
  8146 | Abyss:2  | HP: 3/82 [tentacled starspawn (3)]
  8147 | Abyss:2  | HP: 1/82 [constriction[a tentacled starspawn] (2)]
  8148 | Abyss:2  | Slain by a tentacled starspawn

Illustrated notes

Levels and vault maps discovered:
D:1:      dpeg_arrival_castle, layout_basic, ebering_ecumenical_altar_rust
D:2:      layout_loops_cross, minmay_liquid_box
D:3:      layout_rooms, mainiacjoe_overflow_paths,
          mainiacjoe_overflow_small_starburst, lightli_temple_of_fire,
          serial_shops, shop, uniq_terence
D:4:      layout_loops_ring, nicolae_qazlal_general_emergency,
          minmay_fractal_squares_diagonal_5
D:5:      layout_cave_pods, serial_shops, nicolae_stop_n_shop_2, st_stairs_11,
          uniq_edmund
D:6:      layout_cave_pods, minmay_fire_ice_demons
D:7:      layout_cave_pools, temple_fountains, nicolae_elevator_lobby_asterisk
D:8:      layout_rooms, lemuel_coloured_pillars_altar
D:9:      layout_loops_ring, gammafunk_temple_overflow_arena,
          mainiacjoe_overflow_six_doors_small, uniq_erolcha, uniq_harold
Temple:   compressed_dpeg_circular_temple
Abyss:2:  base: D:6, evilmike_abyss_exit_2

Skill      XL: |  1  2  3  4  5  6  7  8  9 10 |
---------------+-------------------------------+-----
Invocations    | 1 2 3 4 5 6 |  6.2
Short Blades   | 1 2 3 5 |  5.7
Long Blades    | 1 2 3 5 |  5.7
Maces & Flails | 1 2 3 5 |  5.7
Polearms       | 1 2 3 5 |  5.7
Staves         | 1 2 3 5 |  5.7
Ranged Weapons | 1 2 3 5 |  5.7
Throwing       | 1 2 3 5 |  5.7
Dodging        | 1 2 3 5 |  5.7
Stealth        | 1 2 3 5 |  5.7
Unarmed Combat | 1 2 3 5 |  5.7
Spellcasting   | 1 2 3 5 |  5.7
Evocations     | 1 2 3 5 |  5.7
Conjurations   | 1 2 3 4 |  4.7
Hexes          | 1 2 3 4 |  4.7
Summonings     | 1 2 3 4 |  4.7
Necromancy     | 1 2 3 4 |  4.7
Translocations | 1 2 3 4 |  4.7
Transmutations | 1 2 3 4 |  4.7
Fire Magic     | 1 2 3 4 |  4.7
Ice Magic      | 1 2 3 4 |  4.7
Air Magic      | 1 2 3 4 |  4.7
Earth Magic    | 1 2 3 4 |  4.7
Poison Magic   | 1 2 3 4 |  4.7
Axes           | 5 6 7 |  7.4
Fighting       | 7 8 |  8.8
Armour         | 7 8 |  8.8
Shields        | 7 8 |  8.8

Action                     |  1- 3 |  4- 6 |  7- 9 | 10-12 || total
---------------------------+-------+-------+-------+-------++-------
  Melee: War axe           |    86 |   158 |   135 |    81 ||   460
         Bite              |     6 |    13 |    30 |    15 ||    64
         Unarmed           |       |       |    98 |       ||    98
  Evoke: Wand              |       |       |       |     1 ||     1
    Use: Potion            |       |       |     4 |       ||     4
         Scroll            |       |       |     2 |    10 ||    12
 Armour: Scale mail        |     8 |       |       |       ||     8
         Chain mail        |    43 |    89 |   171 |    38 ||   341
  Dodge: Dodged            |    22 |    74 |   131 |    74 ||   301
  Block: Buckler           |    22 |    51 |    68 |    25 ||   166
